AoeStats
← GratedSalt76014

Arabia

508879489Analyzed
1v1 RM · 7d ago on Sep 24, 2026· 45m 59s· 2 players
Game mode
Random Map
Map size
Tiny (2 player)
Population
200
Speed
Normal
Resources
Standard
Victory
Conquest
Starting age
Dark Age
Ending age
Imperial Age
RankedLock teamsTeams togetherTeam positionsShared explorationLock speedFull tech treeHidden civsTurbo modeCheats
Victory
Defeat
🇩🇪 Persians · Germany
742
+16
🇹🇷 Britons · Türkiye
745
-16
tgame0
10:01 Feudal Age
18:59 Loom
21:53 Castle Age
22:01 Horse Collar
29:32 Double-Bit Axe
30:05 Heavy Plow
35:24 Bow Saw
34:55 Crossbowman
37:18 Scale Barding Armor
38:46 Chain Barding Armor
43:44 Imperial Age
42:19 Fletching
42:29 Padded Archer Armor
42:31 Scale Mail Armor
42:41 Forging
42:48 Kamandaran
43:35 Bodkin Arrow
43:57 Leather Archer Armor
45:12 Plate Barding Armor
44:37 Scale Mail Armor
44:47 Forging
46:06 Thumb Ring
GratedSalt76014
2:45 Loom
11:42 Feudal Age
13:00 Double-Bit Axe
27:16 Castle Age
25:35 Horse Collar
27:20 Pikeman
28:15 Bow Saw
28:42 Wheelbarrow
29:33 Forging
29:24 Scale Mail Armor
30:25 Heavy Plow
31:06 Squires
33:38 Gold Mining
34:34 Chain Mail Armor
35:29 Fletching
36:36 Bodkin Arrow
36:42 Padded Archer Armor
37:58 Iron Casting
39:15 Yeomen
39:58 Gold Shaft Mining
39:13 Stone Mining
44:11 Imperial Age
42:19 Leather Archer Armor
Connection lost

Rejoining the realm…

Still unreachable

The connection could not be restored.

Session expired

The server has moved on; the page needs a fresh start.